 Dungeon Crawl Stone Soup version 0.18.1-48-g4cf74bf (webtiles) character file.

150 tyrion the Ruffian (level 5, -13/49 HPs)
             Began as a Troll Wizard on July 25, 2016.
             Mangled by an ogre
             ... wielding a +0 giant club
              (15 damage)
             ... on level 4 of the Dungeon.
             The game lasted 00:03:31 (2213 turns).

tyrion the Ruffian (Troll Wizard)                   Turns: 2213, Time: 00:03:31

Health: -13/49     AC:  5    Str: 15    XL:     5   Next: 10%
Magic:  14/16      EV: 10    Int: 15    God:
Gold:   148        SH:  0    Dex: 11    Spells: 3 memorised, 3 levels left

rFire  . . .     SeeInvis .       - Unarmed
rCold  . . .     Gourm    +     a - +0 robe
rNeg   . . .     Faith    .     (no shield)
rPois  .         Spirit   .     b - +0 hat
rElec  .         Dismiss  .     (no cloak)
rCorr  .         Reflect  .     (gloves unavailable)
SustAt .         Harm     .     (boots unavailable)
MR     .....                    (no amulet)
Stlth  +.........               g - +3 ring of dexterity
                                o - ring of magical power

@: very slightly contaminated, not resistant to hostile enchantments, very
unstealthy
A: unfitting armour, claws 3, fast metabolism 3, gourmand, regeneration 2,
shaggy fur 1, tough skin 2
a: no special abilities


You were on level 4 of the Dungeon.
You were full.

You visited 1 branch of the dungeon, and saw 4 of its levels.

You collected 148 gold pieces.

Inventory:

Armour
 a - a +0 robe (worn)
 b - a +0 hat (worn)
Jewellery
 g - a +3 ring of dexterity (right claw)
 o - a ring of magical power (left claw)
 p - a +3 ring of intelligence {unknown}
Scrolls
 e - 6 scrolls of identify {unknown}
 h - 2 scrolls of teleportation {unknown}
 i - 3 scrolls of remove curse {unknown}
 l - a scroll of fear {unknown}
 r - a scroll of fog {unknown}
 t - a scroll of amnesia {unknown}
Potions
 j - 2 potions of curing {unknown}
 k - a potion of brilliance {unknown}
 m - a potion of invisibility {unknown}
 n - a potion of agility {unknown}
 q - a potion of degeneration {unknown}
 s - 2 potions of might {unknown}
Books
 c - a book of Minor Magic

   Spells                             Type                      Level
   a - Magic Dart                     Conjuration                  1
   b - Blink                          Translocation                2
   c - Call Imp                       Summoning                    2
   d - Repel Missiles                 Charms/Air                   2
   e - Slow                           Hexes                        2
   f - Conjure Flame                  Conjuration/Fire             3
   g - Mephitic Cloud                 Conjuration/Poison/Air       3
Comestibles
 d - 2 bread rations
 f - a beef jerky


   Skills:
 * Level 1.9 Fighting
 + Level 1.8 Dodging
 - Level 1.1 Stealth
 * Level 2.4 Unarmed Combat
 + Level 2.2 Spellcasting
 + Level 1.6 Conjurations
   Level 0.6 Summonings
 - Level 0.6 Translocations


You had 3 spell levels left.
You knew the following spells:

 Your Spells              Type           Power        Failure   Level  Hunger
a - Magic Dart            Conj           #...         12%         1    #......
b - Blink                 Tloc           N/A          28%         2    ###....
c - Repel Missiles        Chrm/Air       #.....       34%         2    ###....


Dungeon Overview and Level Annotations

Branches:
Dungeon (4/15)
 Temple: D:4-7

Altars:
Yredelemnul


Innate Abilities, Weirdness & Mutations

You are too large for most types of armour.
You have claws for hands.
Your metabolism is lightning-fast.
You like to eat raw meat.
You heal very quickly.
You are covered in fur (AC +1).
You have very tough skin (AC +2).


Message History

An ogre is nearby!
The ogre shouts!
You see here a scroll labeled JANWEI IGGOFI.
You scratch the ogre.
The ogre is lightly wounded.
The ogre hits you with a giant club!!
You claw the ogre! You claw the ogre.
The ogre is severely wounded.
You scratch the ogre.
The ogre is severely wounded.
The ogre hits you with a giant club.
You scratch the ogre.
The ogre is almost dead.
The ogre hits you with a giant club!!
* * * LOW HITPOINT WARNING * * *
Cast which spell? (? or * to list)
You miscast Blink.
You are very lightly contaminated with residual magic.
You feel uncomfortable. The ogre hits you with a giant club!
You die...

.# .. .. . . .. .
#. #.#. #. ...
.#.#.#. #...
...... #..#
##...##..#
#...O.#.# #@..<#
#....####
#?....... .
#..#.#### ..
#..#.# ###..
##...###...$#
.######......#####
..................
.######...#.######


You could see an ogre.

Vanquished Creatures
  Natasha (twice) (D:2)
  A gnoll (D:2)
  An adder (D:2)
  A shadow imp (D:3)
  A worm (D:2)
  A dart slug (D:1)
  4 giant geckos
  4 orcs (D:3)
  A ball python (D:3)
  5 bats
  2 giant cockroaches (D:3)
  10 goblins
  5 hobgoblins
  4 jackals (D:3)
  9 kobolds
  A quokka (D:3)
  2 giant newts
  5 rats
59 creatures vanquished.

Notes
Turn   | Place    | Note
--------------------------------------------------------------
     0 | D:1      | tyrion the Troll Wizard began the quest for the Orb.
     0 | D:1      | Reached XP level 1. HP: 16/16 MP: 2/2
    29 | D:1      | Reached skill level 1 in Unarmed Combat
    84 | D:1      | Reached XP level 2. HP: 25/26 MP: 4/4
   393 | D:1      | Reached skill level 1 in Conjurations
   671 | D:2      | Found a basalt altar of Yredelemnul.
   747 | D:2      | Learned a level 2 spell: Blink
   750 | D:2      | Learned a level 2 spell: Repel Missiles
   789 | D:2      | Reached skill level 1 in Fighting
   794 | D:2      | Reached XP level 3. HP: 33/33 MP: 5/5
  1071 | D:2      | Noticed Natasha
  1075 | D:2      | Killed Natasha
  1075 | D:2      | Reached XP level 4. HP: 31/41 MP: 6/6
  1190 | D:2      | Noticed Natasha
  1200 | D:2      | Killed Natasha
  1814 | D:3      | Reached XP level 5. HP: 45/49 MP: 7/7
  2205 | D:4      | Noticed an ogre
  2212 | D:4      | HP: 2/49 [ogre/giant club (24)]
  2213 | D:4      | Mangled by an ogre

Skill      XL: |  1  2  3 |
---------------+----------+-----
Unarmed Combat | 1 2 |  2.4
Conjurations   | 1 |  1.6
Fighting       | 1 |  1.9
Dodging        | |  1.8
Stealth        | |  1.1
Spellcasting   | |  2.2
Summonings     | |  0.6
Translocations | |  0.6

Action                   |  1- 3 |  4- 6 || total
-------------------------+-------+-------++-------
Melee: Unarmed           |    82 |    97 ||   179
       Punch             |     1 |     2 ||     3
 Stab: Sleeping          |       |     2 ||     2
  Eat: Chunk             |     7 |    15 ||    22
Armor: Robe              |    17 |    28 ||    45
Dodge: Dodged            |    36 |    47 ||    83
